Map: [ESL] Cosmic Sapphire

Players

Velego - Winner!

  • Race: Protoss Protoss
  • League: Diamond
  • Spawn Location: 11:00

AZTEX

  • Race: Protoss Protoss
  • Spawn Location: 5:00

Event: DreamHack SC2 Masters 2022 Valencia

VOD

Have the link to the VOD?

Description

Time

  • Played on: July 1, 2022, 7 a.m.
  • Length: 16:52

All games in this series

Show
View Real Time Build Order
Export as new Build Order

Velego Protoss - Winner!

Build Orders: Phoenix Opening 

Get SALT Encoding   

  12  0:00  Probe  
  13  0:12  Probe  
  14  0:17  Pylon  
  14  0:24  Probe  
  15  0:36  Probe (Chrono Boost), Gateway  
  16  0:46  Probe (Chrono Boost), Assimilator  
  17  0:51  Probe (Chrono Boost)  
  17  0:55  Assimilator  
  18  1:03  Probe (Chrono Boost)  
  19  1:09  Gateway  
  19  1:14  Probe (Chrono Boost)  
  20  1:25  Probe, Cybernetics Core  
  21  1:35  Pylon  
  21  1:38  Probe  
  22  1:50  Probe  
  23  2:02  Stalker x2, Probe  
  23  2:06  Warp Gate  
  28  2:19  Pylon  
  28  2:20  Probe  
  29  2:24  Pylon  
  29  2:35  Stalker  
  31  2:37  Sentry  
  31  2:43  Probe  
  34  3:05  Nexus  
  34  3:10  Sentry  
  34  3:11  Sentry  
  38  3:17  Pylon  
  38  3:18  Phoenix  
  37  3:20  Probe  
  38  3:32  Twilight Council  
  38  3:33  Probe  
  39  3:45  Probe (Chrono Boost)  
  39  3:48  Forge  
  40  3:58  Probe (Chrono Boost)  
  40  3:59  Phoenix  
  41  4:03  Probe (Chrono Boost), Blink (Chrono Boost)  
  42  4:12  Probe (Chrono Boost)  
  43  4:17  Protoss Ground Weapons Level 1 (Chrono Boost)  
  43  4:18  Probe (Chrono Boost)  
  45  4:24  Probe (Chrono Boost)  
  45  4:26  Stalker  
  45  4:30  Probe (Chrono Boost)  
  48  4:32  Probe (Chrono Boost)  
  48  4:34  Probe (Chrono Boost)  
  50  4:38  Probe  
  50  4:44  Phoenix  
  51  4:49  Stalker  
  51  4:50  Stalker  
  51  4:51  Probe  
  51  4:52  Probe  
  57  4:57  Assimilator  
  57  5:00  Robotics Facility  
  57  5:07  Probe  
  57  5:08  Probe  
  57  5:13  Nexus  
  59  5:16  Pylon  
  59  5:21  Gateway  
  59  5:25  Gateway  
  59  5:31  Stalker  
  61  5:38  Probe x2  
  63  5:44  Stalker  
  63  5:47  Shield Battery  
  63  5:48  Shield Battery  
  63  5:49  Pylon  
  65  5:56  Immortal (Chrono Boost)  
  69  6:00  Shield Battery  
  69  6:05  Shield Battery  
  69  6:07  Pylon  
  69  6:09  Phoenix  
  69  6:11  Stalker  
  69  6:14  Stalker  
  72  6:31  Pylon  
  72  6:32  Probe x3  
  75  6:33  Pylon  
  75  6:35  Observer (Chrono Boost)  
  76  6:44  Charge, Probe  
  76  6:45  Probe x2  
  79  6:56  Probe  
  80  7:05  Observer  
  80  7:07  Photon Cannon, Probe  
  82  7:09  Probe x2  
  84  7:21  Probe (Chrono Boost)  
  84  7:22  Probe (Chrono Boost)  
  84  7:25  Probe (Chrono Boost)  
  84  7:32  Probe (Chrono Boost)  
  84  7:35  Probe (Chrono Boost)  
  84  7:36  Probe (Chrono Boost)  
  87  7:37  Probe (Chrono Boost), Gateway  
  87  7:38  Pylon, Gateway  
  87  7:41  Nexus, Gateway  
  88  7:45  Observer  
  88  7:46  Templar Archives  
  88  7:48  Gateway  
  88  7:50  Zealot x2  
  88  7:51  Zealot  
  95  7:52  Gateway  
  95  7:53  Pylon  
  95  7:58  Probe  
  93  8:05  Probe  
  94  8:11  Zealot x3  
  100  8:24  Pylon  
  96  8:31  Zealot x3  
  100  8:35  Forge  
  100  8:37  Probe x2  
  100  8:41  Forge  
  100  8:42  Zealot x3  
  100  8:44  Probe  
  105  8:49  Probe  
  105  8:51  Probe  
  105  8:53  Zealot x2  
  105  8:55  Shield Battery  
  108  8:56  Probe  
  108  8:57  Zealot x3  
  108  9:01  Probe  
  116  9:03  Pylon  
  116  9:04  Stalker x3, Probe  
  116  9:07  Probe  
  116  9:08  Probe  
  116  9:09  Photon Cannon  
  121  9:12  Warp Prism (Chrono Boost)  
  121  9:13  Probe  
  121  9:14  Shield Battery  
  121  9:16  Probe  
  125  9:19  Probe  
  126  9:25  High Templar x2  
  126  9:26  High Templar x2  
  126  9:27  Photon Cannon  
  126  9:28  High Templar x2  
  126  9:30  Archon x2  
  138  9:35  Archon  
  138  9:42  High Templar  
  138  9:44  High Templar  
  142  9:47  Probe  
  142  9:48  Probe x2  
  142  9:49  Probe, Assimilator  
  142  9:50  Assimilator  
  142  9:51  Archon  
  147  10:00  Probe x2  
  147  10:06  Probe x2  
  148  10:09  Forge  
  148  10:12  Probe x2  
  150  10:16  Zealot x3  
  150  10:17  Protoss Ground Weapons Level 2 (Chrono Boost)  
  154  10:24  Probe  
  154  10:25  Probe  
  154  10:27  Pylon  
  152  10:33  Zealot x2  
  156  10:37  Gateway  
  156  10:38  Gateway  
  156  10:41  Protoss Ground Armor Level 1 (Chrono Boost)  
  156  10:48  Gateway  
  156  10:51  Gateway x2  
  156  10:52  Gateway x2  
  156  10:55  Gateway  
  156  10:57  Robotics Bay  
  156  11:00  Robotics Facility  
  156  11:02  Nexus  
  156  11:04  Probe x3  
  157  11:07  Pylon x2  
  157  11:08  Pylon  
  157  11:10  Probe  
  157  11:13  Observer (Chrono Boost)  
  157  11:16  Photon Cannon  
  157  11:17  Photon Cannon  
  157  11:20  Zealot x4  
  163  11:28  Nexus, Photon Cannon  
  163  11:30  Photon Cannon  
  163  11:31  Warp Prism (Chrono Boost)  
  163  11:32  Protoss Shields Level 1 (Chrono Boost), Photon Cannon x2  
  164  11:34  Photon Cannon  
  165  11:41  Stalker  
  165  11:42  Stalker x4  
  165  11:46  Zealot x2  
  179  11:57  Immortal  
  173  12:02  Zealot x4  
  173  12:03  Zealot  
  173  12:07  Shield Battery  
  173  12:08  Zealot x7  
  172  12:14  Zealot  
  172  12:15  Zealot x3  
  154  12:29  Zealot x10  
  164  12:35  Probe  
  163  12:42  Unknown  
  163  12:47  High Templar  
  163  12:48  High Templar x3  
  163  12:49  High Templar x3  
  177  12:53  Zealot x2  
  177  12:54  Archon  
  177  12:58  Archon x2  
  181  12:59  High Templar  
  181  13:00  Zealot x2  
  181  13:01  Zealot x2  
  181  13:02  Probe  
  181  13:03  Probe x2  
  194  13:11  Nexus, Pylon, Warp Prism  
  192  13:22  Archon  
  192  13:24  Zealot x2  
  194  13:34  Observer  
  173  13:47  Zealot x2  
  173  13:48  Zealot x6  
  164  13:49  Zealot x4  
  164  13:52  Observer (Chrono Boost), Immortal (Chrono Boost)  
  170  14:01  Stalker x4  
  155  14:11  Observer (Chrono Boost)  
  143  14:20  Zealot x2  
  143  14:21  Zealot x5  
  149  14:24  Immortal  
  149  14:30  Disruptor  
  144  14:32  Probe (Chrono Boost)  
  141  14:38  Zealot x6  
  141  14:44  Probe (Chrono Boost)  
  153  14:46  Probe (Chrono Boost)  
  153  14:47  Probe (Chrono Boost)  
  153  14:48  Photon Cannon  
  154  14:58  Pylon  
  154  15:07  Probe  
  154  15:11  Pylon  
  159  15:14  Zealot x6  
  159  15:15  Immortal (Chrono Boost)  
  170  15:29  Probe  
  170  15:31  Probe  
  170  15:35  Zealot x2  
  171  15:39  Pylon  
  171  15:42  Pylon  
  171  15:43  Pylon  
  171  15:46  Pylon  
  170  15:54  Gateway  
  170  15:55  Gateway  
  170  15:56  Disruptor (Chrono Boost), Gateway  
  170  15:57  Disruptor (Chrono Boost)  
  170  16:02  Gateway  
  176  16:05  Zealot x3  
  176  16:06  Zealot x6  
  159  16:32  Observer (Chrono Boost)  
  153  16:33  Zealot x5  
  163  16:40  Cybernetics Core  
Show
View Real Time Build Order
Export as new Build Order

AZTEX Protoss 

Build Orders: Blink Stalkers 

Get SALT Encoding   

  12  0:00  Probe  
  13  0:12  Probe  
  14  0:17  Pylon  
  14  0:24  Probe (Chrono Boost)  
  15  0:37  Probe (Chrono Boost)  
  15  0:40  Gateway  
  16  0:45  Probe (Chrono Boost)  
  16  0:47  Assimilator  
  17  0:51  Probe  
  17  0:56  Assimilator  
  18  1:06  Probe  
  19  1:16  Gateway  
  19  1:18  Probe  
  20  1:27  Cybernetics Core  
  20  1:30  Probe  
  21  1:37  Pylon  
  21  1:42  Probe  
  22  1:50  Pylon  
  22  1:54  Probe  
  23  2:02  Stalker (Chrono Boost)  
  23  2:03  Stalker (Chrono Boost)  
  23  2:07  Warp Gate  
  27  2:19  Pylon, Probe  
  28  2:31  Stalker, Probe  
  28  2:36  Sentry  
  33  2:50  Twilight Council  
  33  3:10  Nexus  
  33  3:18  Shield Battery  
  33  3:20  Probe  
  34  3:28  Blink (Chrono Boost)  
  34  3:32  Probe  
  35  3:44  Probe  
  36  3:48  Pylon  
  36  3:56  Probe  
  36  4:00  Stalker  
  39  4:08  Probe (Chrono Boost)  
  40  4:10  Stalker  
  42  4:20  Probe (Chrono Boost)  
  42  4:21  Robotics Facility  
  43  4:28  Assimilator  
  43  4:29  Sentry, Probe (Chrono Boost)  
  43  4:30  Probe (Chrono Boost)  
  47  4:37  Probe (Chrono Boost)  
  49  4:40  Probe (Chrono Boost)  
  49  4:42  Probe (Chrono Boost)  
  49  4:44  Stalker  
  52  4:47  Probe  
  52  4:50  Probe  
  52  4:52  Pylon  
  54  4:59  Probe  
  55  5:02  Probe  
  55  5:08  Warp Prism (Chrono Boost)  
  55  5:11  Probe  
  55  5:13  Gateway  
  58  5:15  Probe  
  58  5:20  Gateway  
  59  5:24  Gateway  
  59  5:29  Gateway  
  59  5:32  Sentry  
  59  5:34  Sentry  
  63  5:37  Pylon  
  64  5:42  Observer (Chrono Boost)  
  64  5:55  Nexus  
  64  5:59  Shield Battery  
  64  6:01  Probe (Chrono Boost)  
  64  6:02  Probe (Chrono Boost)  
  66  6:05  Stalker x2  
  66  6:10  Stalker  
  72  6:22  Pylon, Probe  
  63  6:28  Charge (Chrono Boost)  
  63  6:33  Stalker x3  
  63  6:34  Stalker  
  63  6:37  Probe  
  63  6:38  Probe  
  73  6:45  Pylon  
  73  6:49  Probe  
  73  6:50  Probe  
  73  6:52  Observer  
  75  6:55  Forge  
  75  6:59  Warp Prism (Chrono Boost)  
  75  7:01  Probe  
  78  7:02  Probe  
  78  7:08  Assimilator  
  79  7:10  Templar Archives, Probe  
  79  7:13  Probe  
  81  7:20  Probe  
  81  7:21  Zealot x3  
  86  7:26  Zealot x2  
  86  7:27  Protoss Ground Weapons Level 1 (Chrono Boost)  
  86  7:28  Probe  
  91  7:32  Probe  
  91  7:36  Pylon  
  92  7:41  Zealot x2  
  92  7:42  Zealot  
  92  7:43  Probe  
  99  7:48  Pylon  
  99  8:00  Zealot x2  
  99  8:01  Zealot  
  99  8:04  Pylon  
  105  8:12  Nexus  
  105  8:16  Zealot x3  
  111  8:22  Probe  
  111  8:23  Probe, Gateway  
  111  8:24  Probe, Gateway  
  112  8:31  High Templar x2  
  110  8:34  Probe  
  110  8:35  Probe, Zealot  
  110  8:39  Probe (Chrono Boost)  
  113  8:45  High Templar x2  
  113  8:46  Archon  
  113  8:51  Probe (Chrono Boost)  
  113  8:52  Probe (Chrono Boost)  
  113  8:53  Probe (Chrono Boost)  
  112  8:58  Probe (Chrono Boost), High Templar x2  
  112  8:59  Archon  
  112  9:00  Probe x2 (Chrono Boost), Warp Prism (Chrono Boost)  
  117  9:05  Probe  
  117  9:07  Dark Shrine  
  116  9:10  Observer  
  116  9:11  Probe  
  116  9:12  Probe, High Templar x2  
  122  9:18  Probe, Assimilator  
  122  9:19  Archon  
  122  9:20  Archon  
  122  9:23  Probe  
  122  9:24  Pylon, Probe, Zealot x3  
  129  9:29  Probe  
  129  9:30  Probe  
  133  9:35  Probe  
  133  9:36  Probe  
  133  9:37  Zealot x3  
  141  9:41  Probe  
  141  9:42  Pylon, Probe  
  143  9:46  Assimilator  
  143  9:54  Nexus  
  143  9:55  Pylon, High Templar x2  
  143  9:56  High Templar x2  
  143  9:57  Unknown  
  151  10:01  Pylon  
  151  10:03  Pylon  
  151  10:12  Zealot x4  
  159  10:16  Archon x2  
  159  10:19  Shield Battery  
  153  10:24  Photon Cannon  
  153  10:26  Photon Cannon, Gateway  
  153  10:28  Gateway  
  143  10:29  Protoss Ground Weapons Level 2  
  143  10:35  Photon Cannon  
  143  10:37  Photon Cannon, Gateway, Shadow Stride  
  143  10:39  Photon Cannon  
  143  10:41  Warp Prism (Chrono Boost), Shield Battery  
  143  10:44  Gateway  
  143  10:46  Gateway  
  145  10:52  Zealot  
  145  10:56  Dark Templar x4  
  153  11:07  High Templar x3  
  153  11:10  Gateway  
  157  11:12  Gateway  
  157  11:15  Pylon  
  157  11:17  Pylon  
  157  11:22  Probe, Gateway  
  157  11:23  Probe  
  157  11:24  Probe  
  157  11:25  Dark Templar x3  
  148  11:29  Archon, High Templar  
  148  11:30  Warp Prism (Chrono Boost)  
  154  11:37  Gateway  
  154  11:38  Probe  
  154  11:39  Gateway  
  157  11:41  Zealot x5  
  157  11:44  Archon  
  167  11:51  Zealot x4  
  161  12:11  Probe  
  161  12:14  Probe, Zealot x2  
  161  12:15  Zealot x7  
  163  12:16  Zealot x4  
  163  12:18  Warp Prism  
  163  12:22  High Templar x2  
  145  12:23  Probe, High Templar  
  145  12:24  Probe  
  149  12:33  Archon  
  137  12:37  Probe  
  137  12:38  Probe x3  
  137  12:41  Probe  
  140  12:44  High Templar  
  140  12:46  Dark Templar x2  
  140  12:47  Dark Templar x6  
  140  12:51  Archon  
  158  12:56  Dark Templar x2  
  162  13:01  Protoss Ground Weapons Level 3 (Chrono Boost)  
  162  13:10  Gateway  
  154  13:13  High Templar  
  154  13:17  Gateway  
  134  13:29  Zealot x2  
  134  13:30  Zealot x7  
  134  13:33  Probe  
  151  13:35  Zealot  
  151  13:36  Dark Templar x3, Zealot  
  151  13:37  Probe  
  151  13:38  Zealot x3  
  156  13:48  Dark Templar  
  116  13:55  Photon Cannon  
  116  13:58  Photon Cannon, Dark Templar x3, Zealot x2  
  116  13:59  Zealot x5  
  124  14:09  Zealot x2  
  124  14:13  High Templar  
  124  14:14  High Templar  
  124  14:15  Zealot x5  
  134  14:18  Archon  
  134  14:25  Pylon  
  134  14:28  Pylon, High Templar x2  
  134  14:30  Zealot x6  
  137  14:33  Archon  
  137  14:38  Nexus  
  132  14:41  Shield Battery  
  132  14:43  Observer (Chrono Boost)  
  129  14:49  Dark Templar x3  
  129  14:50  Probe  
  113  14:53  Probe  
  113  14:56  Probe  
  114  15:02  Probe  
  114  15:04  Pylon  
  114  15:05  Probe  
  116  15:09  Shield Battery  
  116  15:10  Photon Cannon  
  116  15:11  Zealot x3  
  122  15:15  High Templar x2  
  122  15:19  Archon  
  122  15:21  Probe  
  127  15:22  Probe  
  127  15:23  Probe  
  127  15:33  Probe  
  127  15:34  Probe  
  127  15:35  Probe, High Templar  
  130  15:36  High Templar  
  130  15:41  Archon  
  134  15:45  Probe  
  134  15:46  Probe  
  134  15:47  Probe  
  134  15:48  Assimilator  
  133  15:57  Probe  
  133  15:58  Probe  
  133  15:59  Probe, High Templar x2  
  133  16:02  Zealot x3  
  146  16:07  Archon  
  146  16:09  Probe  
  146  16:10  Nexus  
  147  16:11  Pylon  
  147  16:12  Zealot x5  
  147  16:18  Probe  
  154  16:19  Zealot x2  
  154  16:21  Zealot  
  154  16:22  Zealot  
  136  16:27  Zealot x2  
  136  16:32  Dark Templar x2  
  116  16:35  Probe  
  116  16:38  Zealot x3  
  116  16:39  Zealot  

Tags
 
Add a new tag
Caveats
  • Supply blocks, unpowered buildings, or Contaminate may cause inaccurate times.
  • Supply counts are checked every 10 seconds.